Map: King Sejong Station LE

Players

Blackmilk - Winner!

  • Race: Terran Terran
  • League: Diamond

Tenonee

  • Race: Terran Terran
  • League: Diamond

VOD

Have the link to the VOD?

Description

Time

  • Played on: July 31, 2016, 7:49 a.m.
  • Length: 3:43
Show
View Real Time Build Order
Export as new Build Order

Blackmilk Terran - Winner!

Build Orders:  

Get SALT Encoding   

  12  0:01  SCV  
  13  0:13  SCV  
  14  0:18  Supply Depot  
  14  0:27  SCV  
  15  0:41  Barracks  
  15  0:46  Refinery  
  15  1:01  Barracks  
  15  1:04  SCV  
  16  1:17  SCV  
  17  1:30  Reaper  
  18  1:37  Orbital Command  
  18  1:41  Refinery  
  18  1:49  Supply Depot  
  18  1:52  Reaper  
  19  2:04  SCV  
  19  2:06  Reaper  
  21  2:17  SCV  
  22  2:24  Reaper  
  22  2:29  SCV  
  24  2:36  Barracks  
  23  2:41  Reaper  
  24  2:50  SCV  
  25  2:58  Supply Depot, Reaper  
Show
View Real Time Build Order
Export as new Build Order

Tenonee Terran 

Build Orders:  

Get SALT Encoding   

  12  0:01  SCV  
  13  0:13  SCV  
  14  0:17  Supply Depot  
  14  0:25  SCV  
  15  0:39  SCV  
  15  0:41  Barracks  
  16  0:46  Refinery  
  16  0:53  SCV  
  17  1:05  SCV  
  17  1:07  Supply Depot  
  18  1:17  SCV  
  19  1:28  Barracks  
  19  1:30  SCV  
  19  1:31  Reaper  
  21  1:46  Orbital Command  
  21  2:03  Reaper  
  22  2:12  SCV  
  23  2:16  Bunker  
  23  2:24  Marine, SCV  
  25  2:37  SCV  
  26  2:46  Factory  
  26  2:53  Supply Depot  
  26  2:57  Supply Depot  
  26  3:09  Marine  
  25  3:15  Bunker  
Tags
 
Add a new tag
Caveats
  • Supply blocks, unpowered buildings, or Contaminate may cause inaccurate times.
  • Supply counts are checked every 10 seconds.